 Seeded DCSS version 0.28.0 (webtiles) character file.

Game seed: 12455045527757981411 (custom seed)

46 Illumine the Shield-Bearer (level 3, -3/30 HPs)
             Began as a Formicid Fighter on Apr 10, 2022.
             Slain by a gnoll (10 damage)
             ... on level 3 of the Dungeon.
             The game lasted 00:01:18 (1874 turns).

Illumine the Shield-Bearer (Formicid Fighter)       Turns: 1874, Time: 00:01:18

Health: -3/30      AC:  6    Str: 22    XL:     3   Next: 95%
Magic:  3/3        EV:  9    Int:  7    God:
Gold:   83         SH:  4    Dex: 10    Spells: 2/2 levels left

rFire   . . .      SeeInvis +   k - +1 dagger (venom)
rCold   . . .      Faith    .   c - +0 buckler
rNeg    . . .      Spirit   .   b - +0 scale mail
rPois   .          Reflect  .   (helmet unavailable)
rElec   .          Harm     .   (no cloak)
rCorr   .          Rampage  .   (no gloves)
Will    .....                   (no boots)
Stlth   ..........              (no amulet)
HPRegen 0.10/turn               (no ring)
MPRegen 0.08/turn               (no ring)

@: no status effects
A: permanent stasis, dig shafts and tunnels, antennae 3, four strong arms
a: Dig, Shaft Self


You were on level 3 of the Dungeon.
You visited 1 branch of the dungeon, and saw 3 of its levels.

You collected 83 gold pieces.

Inventory:

Hand Weapons
 a - a +0 flail
 k - a +1 dagger of venom (weapon)
Armour
 b - a +0 scale mail (worn)
 c - a +0 buckler (worn)
Scrolls
 i - a scroll of teleportation {unknown}
Potions
 d - a potion of might
 e - a potion of flight {unknown}
 f - a potion of resistance {unknown}
 g - a potion of invisibility {unknown}
 h - a potion of haste
 j - a potion of lignification {unknown}


   Skills:
 + Level 3.7 Fighting
 * Level 3.1 Maces & Flails
 - Level 3.2 Armour
 + Level 4.1 Shields


You had 2 spell levels left.
You didn't know any spells.
Your spell library contained the following spells:

 Spells                   Type           Power      Damage    Failure   Level
 Ensorcelled Hibernation  Hex/Ice        0%         N/A       92%         2
 Spider Form              Tmut/Pois      0%         N/A       99%         3
 Anguish                  Hex/Necr       0%         N/A       100%        4


Dungeon Overview and Level Annotations

Branches:
Dungeon (3/15)

Altars:

Annotations:
D:2 Sigmund


Innate Abilities, Weirdness & Mutations

You cannot be hasted, slowed, berserked, paralysed or teleported.
You can dig through walls and to a lower floor.
You have a pair of large antennae on your head. (SInv)
Your four strong arms can wield two-handed weapons with a shield.


Message History

You kill the ball python!
The frilled lizard closely misses you.
The frilled lizard bites you but does no damage.
You hit the frilled lizard.
You kill the frilled lizard!
You pick up a book of Dreams and begin reading...
You add the spells Ensorcelled Hibernation, Spider Form and Anguish to your library.
You sense a monster nearby.
No target in view!
A quokka comes into view.
A quokka is nearby!
Found a scroll labelled ISHRES EHAL.
The quokka bites you but does no damage.
You barely miss the quokka. The quokka bites you.
You barely miss the quokka. You block the quokka's attack.
The quokka bites you but does no damage.
You barely miss the quokka. The quokka barely misses you.
You miss the quokka. The quokka closely misses you.
You hit the quokka.
The quokka is poisoned.
The quokka is severely wounded.
The quokka bites you but does no damage.
You hit the quokka.
You kill the quokka!
No target in view!
You sense a monster nearby.
You now have 83 gold pieces (gained 13).
No target in view! 2 gnolls come into view.
Found a scroll labelled DIUR VOENOHEUN.
The gnoll shouts! x2; You hear a shout!
A gnoll comes into view. It is wielding a +0 whip.
A gnoll comes into view. It is wielding a +3 flail.
The gnoll moves out of view. x2
The gnoll hits you from afar with a +0 halberd!
There are monsters nearby!
The gnoll hits you with a +0 halberd!
* * * LOW HITPOINT WARNING * * *
You see here a scroll labelled ISHRES EHAL.
The gnoll hits you from afar with a +0 halberd!
You die...

#. . #. #.##
###...##
......###### .
#........##....
#.#.@?g.g?...
#.#.##gg.....
#...# ###....
##..# .#. #..#
#..# # #
#..###...
#.####......#
#........####


You could see 4 gnolls.

Vanquished Creatures
  An adder (D:2)
  A dart slug (D:1)
  3 bats
  4 endoplasms
  2 giant cockroaches
  4 hobgoblins
  2 kobolds (D:1)
  2 quokkas
  6 ball pythons
  5 frilled lizards
  A goblin (D:3)
  2 rats (D:1)
33 creatures vanquished.

Notes
Turn   | Place    | Note
-------+----------+-------------------------------------------
     0 | D:1      | Illumine the Formicid Fighter began the quest for the Orb.
     0 | D:1      | Reached XP level 1. HP: 18/18 MP: 1/1
   195 | D:1      | Found a faded altar of an unknown god.
   305 | D:1      | Reached XP level 2. HP: 17/24 MP: 2/2
  1258 | D:1      | Reached XP level 3. HP: 29/29 MP: 3/3
  1506 | D:2      | Reached skill level 4 in Shields
  1708 | D:2      | Noticed Sigmund
  1874 | D:3      | Slain by a gnoll

Illustrated notes

Levels and vault maps discovered:
D:1:      heliophobic_arrival_enchanted_forest, layout_loops_corners,
          nicolae_ecumenical_lake_church, minmay_misc_feat_room
D:2:      layout_loops_ring, serial_shops, nicolae_shop_advertising_works
          [nicolae_subvault_shop_adworks], uniq_natasha, uniq_sigmund
D:3:      layout_rooms, hangedman_abyss_or_decor_stabs, chequers_arboretum,
          minmay_fractal_squares_diagonal_5, uniq_crazy_yiuf_cottage

Skill      XL: |  1  2  3 |
---------------+----------+-----
Shields        | 4 |  4.1
Maces & Flails | 3 |  3.1
Fighting       | |  3.7
Armour         | |  3.2

Action                   || total
-------------------------++-------
Melee: Flail             ||    79
       Dagger            ||    23
Armor: Scale mail        ||    46
Dodge: Dodged            ||    45
Block: Buckler           ||    30
